TOP OF THE 1ST |
Ft. Worth Cattlemen batting - Pitching for San Mateo Dirty Reds : RHP Justin Frederick
|
Pitching: RHP Justin Frederick
|
|
Batting: RHB Dennis Wacher
|
0-0: Ball 1-0: Ball 2-0: Called Strike 2-1: Swinging Strike 2-2: Foul Ball, location: 2F 2-2: Ball 3-2: Base on Balls
|
Batting: LHB Semo Hoaloha
|
0-0: Foul Ball, location: 2F 0-1: Foul Ball, location: 2F 0-2: Ball 1-2: Ball 2-2: Ball 3-2: DOUBLE (Line Drive, 3D, EV 99.4 MPH) Dennis Wacher to third Dennis Wacher scores
|
Batting: LHB Craig Woods
|
0-0: Fly out, F8 (Flyball, 78D, EV 100.0 MPH)
|
Batting: SHB Kolby Hay
|
0-0: Called Strike 0-1: Swinging Strike 0-2: Foul Ball, location: 2F 0-2: SINGLE (Groundball, 4S, EV 69.4 MPH) (infield hit) Semo Hoaloha to third
|
Batting: RHB Derek Bangert
|
0-0: Called Strike Kolby Hay steals 2nd base 0-1: Fly out, F9 (Flyball, 9D, EV 90.6 MPH) Runner from 3rd tags up, SCORES, no throw by RF
|
Batting: LHB Count Dante
|
0-0: Ball 1-0: Foul Ball, location: 2F 1-1: SINGLE (Groundball, 4D, EV 106.2 MPH) Kolby Hay to third Runner from 3rd tries for Home, SAFE, throw by CF to home Count Dante to second
|
Batting: RHB Tsuneari Hirano
|
0-0: Called Strike 0-1: Swinging Strike 0-2: Ball 1-2: Strikes out swinging
|
Top of the 1st over - 3 runs, 3 hits, 0 errors, 1 left on base; Ft. Worth 3 - San Mateo 0 |
BOTTOM OF THE 1ST |
San Mateo Dirty Reds batting - Pitching for Ft. Worth Cattlemen : RHP Kabeya Kasongo
|
Pitching: RHP Kabeya Kasongo
|
|
Batting: LHB Richard Edwards
|
0-0: Ball 1-0: Fly out, F9 (Flyball, 9LMF, EV 76.9 MPH)
|
Batting: RHB Zahid Kashani
|
0-0: Fly out, F7 (Flyball, 7, EV 83.8 MPH)
|
Batting: LHB Palaie Gaoteote
|
0-0: Foul Ball, location: 2F 0-1: Ball 1-1: Ground out 6-3 (Groundball, 4M, EV 81.2 MPH)
|
Bottom of the 1st over - 0 runs, 0 hits, 0 errors, 0 left on base; Ft. Worth 3 - San Mateo 0 |
TOP OF THE 2ND |
Ft. Worth Cattlemen batting - Pitching for San Mateo Dirty Reds : RHP Justin Frederick
|
Batting: RHB Min-gook Ch'oe
|
0-0: Ball 1-0: Ball 2-0: Ball 3-0: Called Strike 3-1: Foul Ball, location: 2F 3-2: Base on Balls
|
Batting: RHB Jesús Torres
|
0-0: Called Strike 0-1: Ball Wild Pitch! Min-gook Ch'oe to second 1-1: Ball 2-1: Foul Ball, location: 2F 2-2: Ball 3-2: Base on Balls
|
Batting: RHB Dennis Wacher
|
0-0: Ball 1-0: Ball 2-0: Called Strike 2-1: Fielders Choice at 2nd, 6-4 (Groundball, 56D, EV 101.2 MPH) Min-gook Ch'oe to third
|
Batting: LHB Semo Hoaloha
|
0-0: Ball 1-0: Called Strike 1-1: Called Strike 1-2: Ball 2-2: Foul Ball, location: 2F 2-2: Fly out, F9 (Flyball, 9S, EV 86.9 MPH)
|
Batting: LHB Craig Woods
|
0-0: Ball 1-0: Called Strike 1-1: Ball 2-1: Foul Ball, location: 2F 2-2: Foul Ball, location: 2F 2-2: Foul Ball, location: 2F 2-2: Foul Ball, location: 2F 2-2: Ball 3-2: Fly out, F5 (Popup, 25, EV 86.9 MPH)
|
Top of the 2nd over - 0 runs, 0 hits, 0 errors, 2 left on base; Ft. Worth 3 - San Mateo 0 |
BOTTOM OF THE 2ND |
San Mateo Dirty Reds batting - Pitching for Ft. Worth Cattlemen : RHP Kabeya Kasongo
|
Batting: RHB Tae-cho Han
|
0-0: Foul Ball, location: 2F 0-1: Foul Ball, location: 2F 0-2: Ball 1-2: Foul Ball, location: 2F 1-2: Ball 2-2: DOUBLE (Flyball, 8LXD, EV 99.4 MPH)
|
Batting: RHB Kawenaula Alohalani
|
0-0: Called Strike 0-1: Foul Ball, location: 2F 0-2: Ball 1-2: Foul Ball, location: 2F 1-2: Strikes out swinging
|
Batting: LHB Quitério Ruah
|
0-0: Ball 1-0: Called Strike 1-1: Fly out, F4 (Popup, 4D, EV 57.5 MPH)
|
Batting: LHB Esteban Sifuentes
|
0-0: Called Strike 0-1: Ball 1-1: Foul Ball, location: 2F 1-2: 2-RUN HOME RUN (Flyball, 89XD, EV 104.4 MPH), Distance : 390 ft
|
Batting: RHB Nelson Jaramillo
|
0-0: Called Strike 0-1: Called Strike 0-2: Ball 1-2: Ground out 5-3 (Groundball, 5, EV 82.5 MPH)
|
Bottom of the 2nd over - 2 runs, 2 hits, 0 errors, 0 left on base; Ft. Worth 3 - San Mateo 2 |
TOP OF THE 3RD |
Ft. Worth Cattlemen batting - Pitching for San Mateo Dirty Reds : RHP Justin Frederick
|
Batting: SHB Kolby Hay
|
0-0: Foul Ball, location: 2F 0-1: SINGLE (Line Drive, 7S, EV 95.6 MPH)
|
Batting: RHB Derek Bangert
|
0-0: Ball 1-0: Ball 2-0: Ball 3-0: Base on Balls Kolby Hay to second
|
Batting: LHB Count Dante
|
0-0: Ball 1-0: Ball 2-0: Ball Wild Pitch! Kolby Hay to third Derek Bangert to second 3-0: Base on Balls
|
Batting: RHB Tsuneari Hirano
|
0-0: Swinging Strike 0-1: Fly out, F7 (Flyball, 78S, EV 83.1 MPH)
|
Batting: RHB Min-gook Ch'oe
|
0-0: DOUBLE (Flyball, 78XD, EV 114.4 MPH) Kolby Hay scores Derek Bangert scores Count Dante to third Runner from 3rd tries for Home, SAFE, no throw by CF
|
Pitching: RHP Wendell Drabek
|
|
Batting: RHB Jesús Torres
|
0-0: Ball 1-0: Fly out, F3 (Line Drive, 3, EV 64.4 MPH)
|
Batting: RHB Dennis Wacher
|
0-0: Ball 1-0: Swinging Strike 1-1: Ball 2-1: Ground out 5-3 (Groundball, 56, EV 101.2 MPH)
|
Top of the 3rd over - 3 runs, 2 hits, 0 errors, 1 left on base; Ft. Worth 6 - San Mateo 2 |
BOTTOM OF THE 3RD |
San Mateo Dirty Reds batting - Pitching for Ft. Worth Cattlemen : RHP Kabeya Kasongo
|
Batting: RHB Robby Long
|
0-0: Ball 1-0: Swinging Strike 1-1: Ball 2-1: Ball 3-1: Base on Balls
|
Batting: LHB Richard Edwards
|
0-0: Called Strike 0-1: Foul Ball, location: 2F 0-2: Ball 1-2: Ball 2-2: Ball 3-2: Base on Balls Robby Long to second
|
Batting: RHB Zahid Kashani
|
0-0: Ball 1-0: Called Strike 1-1: Ball 2-1: Ball 3-1: Base on Balls Robby Long to third Richard Edwards to second
|
Batting: LHB Palaie Gaoteote
|
0-0: Ball 1-0: Called Strike 1-1: Fly out, F8 (Flyball, 8RXD, EV 101.9 MPH) Runner from 3rd tags up, SCORES, no throw by CF Richard Edwards to third
|
Batting: RHB Tae-cho Han
|
0-0: Called Strike 0-1: Ball 1-1: Ball 2-1: Ball 3-1: SINGLE (Flyball, 7S, EV 83.8 MPH) Richard Edwards scores Zahid Kashani to second
|
Batting: RHB Kawenaula Alohalani
|
0-0: Foul Ball, location: 2F 0-1: Ground out 6-3 (Groundball, 6S, EV 63.8 MPH) Zahid Kashani to third Tae-cho Han to second
|
Batting: LHB Quitério Ruah
|
0-0: SINGLE (Groundball, 34D, EV 103.8 MPH) Zahid Kashani scores Tae-cho Han to third Runner from 3rd tries for Home, SAFE, no throw by RF
|
Pitching: RHP Jim Sison
|
|
Batting: LHB Esteban Sifuentes
|
0-0: Ball 1-0: Ball 2-0: Ball 3-0: Called Strike 3-1: Fielders Choice at 2nd, 6-4 (Groundball, 6, EV 91.2 MPH)
|
Bottom of the 3rd over - 4 runs, 2 hits, 0 errors, 1 left on base; Ft. Worth 6 - San Mateo 6 |
TOP OF THE 4TH |
Ft. Worth Cattlemen batting - Pitching for San Mateo Dirty Reds : RHP Wendell Drabek
|
Batting: LHB Semo Hoaloha
|
0-0: Ball 1-0: Ball 2-0: Ball 3-0: Base on Balls
|
Batting: LHB Craig Woods
|
0-0: Swinging Strike 0-1: Swinging Strike 0-2: Ball 1-2: Ball 2-2: Strikes out swinging
|
Batting: SHB Kolby Hay
|
0-0: Called Strike 0-1: Swinging Strike 0-2: Ball 1-2: Fly out, F7 (Flyball, 7, EV 83.1 MPH)
|
Batting: RHB Derek Bangert
|
0-0: Called Strike 0-1: Ball 1-1: Foul Ball, location: 2F 1-2: Ball 2-2: SINGLE (Line Drive, 56, EV 96.9 MPH) Semo Hoaloha to second
|
Batting: LHB Count Dante
|
0-0: Ball 1-0: 3-RUN HOME RUN (Line Drive, 9LD, EV 104.4 MPH), Distance : 348 ft
|
Batting: RHB Tsuneari Hirano
|
0-0: Ball 1-0: SINGLE (Groundball, 6D, EV 106.9 MPH)
|
Batting: RHB Min-gook Ch'oe
|
0-0: Swinging Strike 0-1: Ball 1-1: Ball 2-1: Foul Ball, location: 2F 2-2: Strikes out looking
|
Top of the 4th over - 3 runs, 3 hits, 0 errors, 1 left on base; Ft. Worth 9 - San Mateo 6 |
BOTTOM OF THE 4TH |
San Mateo Dirty Reds batting - Pitching for Ft. Worth Cattlemen : RHP Jim Sison
|
Batting: RHB Nelson Jaramillo
|
0-0: Called Strike 0-1: Called Strike 0-2: Ball 1-2: Foul Ball, location: 2F 1-2: Ball 2-2: Ball 3-2: Base on Balls
|
Batting: RHB Robby Long
|
0-0: Called Strike 0-1: Ball 1-1: Foul Ball, location: 2F 1-2: Strikes out swinging
|
Batting: LHB Richard Edwards
|
0-0: Called Strike 0-1: Ball 1-1: Ball 2-1: Ball 3-1: Base on Balls Nelson Jaramillo to second
|
Batting: RHB Zahid Kashani
|
0-0: Called Strike Nelson Jaramillo steals 3rd base Richard Edwards to second 0-1: Ball 1-1: Swinging Strike 1-2: SINGLE (Groundball, 56, EV 102.5 MPH) (infield hit) Nelson Jaramillo scores Richard Edwards to third
|
Batting: LHB Palaie Gaoteote
|
0-0: Called Strike 0-1: 3-RUN HOME RUN (Flyball, 9D, EV 98.8 MPH), Distance : 361 ft
|
Pitching: RHP Tom Scots
|
|
Batting: RHB Tae-cho Han
|
0-0: Called Strike 0-1: Called Strike 0-2: Ball 1-2: Ball 2-2: Ball 3-2: Base on Balls
|
Batting: RHB Kawenaula Alohalani
|
0-0: Foul Ball, location: 2F 0-1: Ball 1-1: Fly out, F8 (Line Drive, 8RD, EV 86.9 MPH)
|
Batting: LHB Quitério Ruah
|
0-0: Ball 1-0: Foul Ball, location: 2F 1-1: DOUBLE (Line Drive, 89D, EV 105.6 MPH) Tae-cho Han to third
|
Batting: LHB Esteban Sifuentes
|
0-0: Ball 1-0: Called Strike 1-1: Fly out, F3 (Line Drive, 3, EV 75.0 MPH)
|
Bottom of the 4th over - 4 runs, 3 hits, 0 errors, 2 left on base; Ft. Worth 9 - San Mateo 10 |
TOP OF THE 5TH |
Ft. Worth Cattlemen batting - Pitching for San Mateo Dirty Reds : RHP Wendell Drabek
|
Pitching: RHP Matt Digby
|
|
Batting: RHB Jesús Torres
|
0-0: Fly out, F3 (Line Drive, 3, EV 66.2 MPH)
|
Batting: RHB Dennis Wacher
|
0-0: Called Strike 0-1: Foul Ball, location: 2F 0-2: Fly out, F8 (Line Drive, 8LD, EV 84.4 MPH)
|
Batting: LHB Semo Hoaloha
|
0-0: Foul Ball, location: 2F 0-1: Ball 1-1: Ball 2-1: Swinging Strike 2-2: Ball 3-2: Ground out 4-3 (Groundball, 4M, EV 96.2 MPH)
|
Top of the 5th over - 0 runs, 0 hits, 0 errors, 0 left on base; Ft. Worth 9 - San Mateo 10 |
BOTTOM OF THE 5TH |
San Mateo Dirty Reds batting - Pitching for Ft. Worth Cattlemen : RHP Tom Scots
|
Batting: RHB Nelson Jaramillo
|
0-0: Fly out, F8 (Flyball, 8LS, EV 95.6 MPH)
|
Batting: RHB Robby Long
|
0-0: Called Strike 0-1: Ground out 3-1 (Groundball, 34S, EV 88.8 MPH)
|
Batting: LHB Richard Edwards
|
0-0: Ball 1-0: Ball 2-0: Ball 3-0: Base on Balls
|
Batting: RHB Zahid Kashani
|
0-0: Ball 1-0: Swinging Strike 1-1: Ball Richard Edwards steals 2nd base 2-1: Ground out 5-3 (Groundball, 5S, EV 85.6 MPH)
|
Bottom of the 5th over - 0 runs, 0 hits, 0 errors, 1 left on base; Ft. Worth 9 - San Mateo 10 |
TOP OF THE 6TH |
Ft. Worth Cattlemen batting - Pitching for San Mateo Dirty Reds : RHP Matt Digby
|
Batting: LHB Craig Woods
|
0-0: Ball 1-0: Called Strike 1-1: Foul Ball, location: 2F 1-2: Ball 2-2: SOLO HOME RUN (Flyball, 9LD, EV 101.2 MPH), Distance : 323 ft
|
Batting: SHB Kolby Hay
|
0-0: Called Strike 0-1: Ball 1-1: Fly out, F6 (Popup, 6, EV 58.8 MPH)
|
Batting: RHB Derek Bangert
|
0-0: Ball 1-0: Ball 2-0: Fly out, F6 (Popup, P, EV 74.4 MPH)
|
Batting: LHB Count Dante
|
0-0: Foul Ball, location: 2F 0-1: Fly out, F9 (Flyball, 9LMF, EV 93.8 MPH)
|
Top of the 6th over - 1 run, 1 hit, 0 errors, 0 left on base; Ft. Worth 10 - San Mateo 10 |
BOTTOM OF THE 6TH |
San Mateo Dirty Reds batting - Pitching for Ft. Worth Cattlemen : RHP Tom Scots
|
Batting: LHB Palaie Gaoteote
|
0-0: Called Strike 0-1: Fly out, F2 (Popup, 2L, EV 86.2 MPH)
|
Batting: RHB Tae-cho Han
|
0-0: Called Strike 0-1: Called Strike 0-2: Ball 1-2: Ball 2-2: Foul Ball, location: 2F 2-2: Strikes out swinging
|
Batting: RHB Kawenaula Alohalani
|
0-0: Swinging Strike 0-1: Foul Ball, location: 2F 0-2: Foul Ball, location: 2F 0-2: Ball 1-2: Ball 2-2: Strikes out swinging
|
Bottom of the 6th over - 0 runs, 0 hits, 0 errors, 0 left on base; Ft. Worth 10 - San Mateo 10 |
TOP OF THE 7TH |
Ft. Worth Cattlemen batting - Pitching for San Mateo Dirty Reds : RHP Matt Digby
|
Batting: RHB Tsuneari Hirano
|
0-0: Called Strike 0-1: Ball 1-1: Ball 2-1: SINGLE (Line Drive, 89S, EV 105.0 MPH)
|
Batting: RHB Min-gook Ch'oe
|
0-0: Ball 1-0: Ball 2-0: Ball 3-0: Grounds into double play, 6-4-3 (Groundball, 6, EV 85.0 MPH)
|
Batting: RHB Jesús Torres
|
0-0: Foul Ball, location: 2F 0-1: Foul Ball, location: 2F 0-2: Ball 1-2: Ball 2-2: Foul Ball, location: 2F 2-2: Ball 3-2: Foul Ball, location: 2F 3-2: Foul Ball, location: 2F 3-2: SINGLE (Groundball, 34D, EV 94.4 MPH)
|
Batting: RHB Dennis Wacher
|
Pickoff Throw to First - Out! 1-3
|
Top of the 7th over - 0 runs, 2 hits, 0 errors, 0 left on base; Ft. Worth 10 - San Mateo 10 |
BOTTOM OF THE 7TH |
San Mateo Dirty Reds batting - Pitching for Ft. Worth Cattlemen : RHP Tom Scots
|
Batting: LHB Quitério Ruah
|
0-0: Fly out, F7 (Line Drive, 7, EV 88.1 MPH)
|
Batting: LHB Esteban Sifuentes
|
0-0: Fly out, F9 (Flyball, 9, EV 92.5 MPH)
|
Pitching: RHP WyDale Curry
|
|
Batting: RHB Nelson Jaramillo
|
0-0: Foul Ball, location: 2F 0-1: Fly out, F8 (Flyball, 89S, EV 90.6 MPH)
|
Bottom of the 7th over - 0 runs, 0 hits, 0 errors, 0 left on base; Ft. Worth 10 - San Mateo 10 |
TOP OF THE 8TH |
Ft. Worth Cattlemen batting - Pitching for San Mateo Dirty Reds : RHP Matt Digby
|
Batting: RHB Dennis Wacher
|
0-0: Called Strike 0-1: Ball 1-1: Ball 2-1: Ball 3-1: Foul Ball, location: 2F 3-2: SINGLE (Line Drive, 6MD, EV 93.8 MPH)
|
Pitching: LHP José Cotilla
|
|
Batting: LHB Semo Hoaloha
|
0-0: Ball 1-0: Bunt missed! 1-1: Ball 2-1: Bunted foul 2-2: Fly out, F8 (Flyball, 8LM, EV 87.5 MPH)
|
Batting: LHB Craig Woods
|
0-0: Ball 1-0: Called Strike Dennis Wacher steals 2nd base (no throw) 1-1: Ball 2-1: DOUBLE (Line Drive, 78XD, EV 106.9 MPH) Dennis Wacher scores
|
Batting: SHB Kolby Hay
|
0-0: Foul Ball, location: 2F 0-1: Foul Ball, location: 2F 0-2: Ball 1-2: Foul Ball, location: 2F 1-2: Foul Ball, location: 2F 1-2: Ball 2-2: SINGLE (Groundball, 56D, EV 103.1 MPH) Craig Woods to third Runner from 3rd tries for Home, SAFE, throw by LF to home
|
Batting: RHB Derek Bangert
|
0-0: Ball Wild Pitch! Kolby Hay to second 1-0: Intentional Walk
|
Batting: LHB Count Dante
|
0-0: Ball 1-0: Foul Ball, location: 2F 1-1: SINGLE (Groundball, 4MD, EV 104.4 MPH) Kolby Hay to third Derek Bangert to second Runner from 3rd tries for Home, throw by CF and OUT! 8-2
|
Batting: RHB Tsuneari Hirano
|
0-0: Ball 1-0: Foul Ball, location: 2F 1-1: Foul Ball, location: 2F 1-2: Ball 2-2: Ball 3-2: DOUBLE (Line Drive, 9LS, EV 91.2 MPH) Derek Bangert scores Count Dante to third Count Dante scores
|
Pitching: RHP Folkert van Huizen
|
|
Batting: RHB Min-gook Ch'oe
|
0-0: Ball 1-0: Foul Ball, location: 2F 1-1: Foul Ball, location: 2F 1-2: Foul Ball, location: 2F 1-2: SINGLE (Line Drive, 34, EV 95.0 MPH) Tsuneari Hirano to third Runner from 3rd tries for Home, throw by RF and OUT! 9-2
|
Top of the 8th over - 4 runs, 6 hits, 0 errors, 1 left on base; Ft. Worth 14 - San Mateo 10 |
BOTTOM OF THE 8TH |
San Mateo Dirty Reds batting - Pitching for Ft. Worth Cattlemen : RHP WyDale Curry
|
Batting: RHB Robby Long
|
0-0: Called Strike 0-1: Ball 1-1: Ball 2-1: Called Strike 2-2: Strikes out swinging
|
Batting: LHB Richard Edwards
|
0-0: Foul Ball, location: 2F 0-1: Ball 1-1: Ball 2-1: Ball 3-1: Foul Ball, location: 2F 3-2: Fly out, F7 (Flyball, 78S, EV 90.6 MPH)
|
Batting: RHB Zahid Kashani
|
0-0: Ground out 6-3 (Groundball, 6, EV 103.1 MPH)
|
Bottom of the 8th over - 0 runs, 0 hits, 0 errors, 0 left on base; Ft. Worth 14 - San Mateo 10 |
TOP OF THE 9TH |
Ft. Worth Cattlemen batting - Pitching for San Mateo Dirty Reds : RHP Folkert van Huizen
|
Batting: RHB Jesús Torres
|
0-0: SINGLE (Groundball, 56D, EV 96.9 MPH)
|
Batting: RHB Dennis Wacher
|
0-0: Ball 1-0: Called Strike 1-1: Ball 2-1: Foul Ball, location: 2F 2-2: Ball 3-2: Foul Ball, location: 2F 3-2: Strikes out looking
|
Batting: LHB Semo Hoaloha
|
0-0: Ball 1-0: Called Strike 1-1: Ball 2-1: Foul Ball, location: 2F 2-2: Ball 3-2: Base on Balls Jesús Torres to second
|
Batting: LHB Craig Woods
|
0-0: Ball 1-0: DOUBLE (Line Drive, 78M, EV 102.5 MPH) Jesús Torres scores Semo Hoaloha to third
|
Batting: SHB Kolby Hay
|
0-0: Ball 1-0: Ball 2-0: Ball 3-0: Base on Balls
|
Batting: RHB Derek Bangert
|
0-0: Grounds into double play, 4-6-3 (Groundball, 4, EV 87.5 MPH)
|
Top of the 9th over - 1 run, 2 hits, 0 errors, 2 left on base; Ft. Worth 15 - San Mateo 10 |
BOTTOM OF THE 9TH |
San Mateo Dirty Reds batting - Pitching for Ft. Worth Cattlemen : RHP WyDale Curry
|
Batting: LHB Palaie Gaoteote
|
0-0: DOUBLE (Line Drive, 78D, EV 105.6 MPH)
|
Batting: RHB Tae-cho Han
|
0-0: Called Strike 0-1: Ball 1-1: Ball 2-1: Foul Ball, location: 2F 2-2: Ball 3-2: Foul Ball, location: 2F 3-2: Fly out, F8 (Flyball, 8RXD, EV 84.4 MPH) Runner from 2nd tags up, SAFE at 3rd, no throw by CF
|
Batting: RHB Kawenaula Alohalani
|
0-0: Foul Ball, location: 2F 0-1: Foul Ball, location: 2F 0-2: Ball 1-2: Foul Ball, location: 2F 1-2: Fly out, F8 (Flyball, 8RD, EV 89.4 MPH) Runner from 3rd tags up, SCORES, no throw by CF
|
Batting: LHB Quitério Ruah
|
0-0: Called Strike 0-1: Ball 1-1: Swinging Strike 1-2: Strikes out swinging
|
Bottom of the 9th over - 1 run, 1 hit, 0 errors, 0 left on base; Ft. Worth 15 - San Mateo 11 |
|